 Dungeon Crawl Stone Soup version 0.29-a0-419-g77450f2 (webtiles) character file.

Game seed: 1235412951243801196

17782 Toastz the Slicer (level 12, -12/54 HPs)
             Began as a Spriggan Enchanter on May 18, 2022.
             Was an Elder of Hepliaklqana.
             Blown up by an orb spider (66 damage)
             ... with an orb of destruction
             ... on level 2 of the Lair of Beasts.
             The game lasted 01:08:41 (22334 turns).

Toastz the Slicer (Spriggan Enchanter)             Turns: 22334, Time: 01:08:41

Health: -12/54     AC:  5    Str:  8    XL:     12   Next: 21%
Magic:  22/23      EV: 22    Int: 18    God:    Hepliaklqana [****..]
Gold:   849        SH:  5    Dex: 17    Spells: 9/24 levels left

rFire   + . .      SeeInvis +   a - +2 dagger (venom)
rCold   + . .      Faith    .   (no shield)
rNeg    + . .      Spirit   .   R - +0 steam dragon scales
rPois   .          Reflect  +   Y - +0 hat
rElec   .          Harm     .   t - scarf {rC+ rF+}
rCorr   .          Rampage  .   (gloves unavailable)
Will    ++...      Clarity  +   (boots unavailable)
Stlth   +++++.....              Z - amulet of reflection
HPRegen 0.18/turn               Q - ring of wizardry
MPRegen 0.18/turn               V - ring of positive energy

@: very quick
A: reduced essence, very small, no large weapons, unfitting armour, see
invisible, speed 3, clarity, strong 1, MP-powered wands
a: Renounce Religion, Recall Ancestor, Ancestor Identity, Transference, Idealise


You were on level 2 of the Lair of Beasts.
You worshipped Hepliaklqana.
Hepliaklqana was greatly pleased with you.
You visited 2 branches of the dungeon, and saw 14 of its levels.
You also visited: Sewer and Ossuary.

You collected 849 gold pieces.

Inventory:

Hand Weapons
 a - a +2 dagger of venom (weapon)
 b - a +3 short sword
 N - a +1 antimagic short sword
 O - a +2 short sword of holy wrath
Missiles
 q - 15 boomerangs (quivered)
 C - 23 poisoned darts
 D - 5 curare-tipped darts
 S - a throwing net
Armour
 t - a scarf of resistance (worn)
 G - a +2 robe of cold resistance
 I - +0 acid dragon scales
 R - +0 steam dragon scales (worn)
 Y - a +0 hat (worn)
Jewellery
 Q - a ring of wizardry (left hand)
 V - a ring of positive energy (right hand)
 Z - an amulet of reflection (around neck)
Wands
 g - a wand of charming (7)
 y - a wand of polymorph (12)
 F - a wand of digging (3)
 H - a wand of flame (58)
 P - a wand of iceblast (7)
Scrolls
 f - 3 scrolls of blinking
 i - a scroll of vulnerability {unknown}
 j - a scroll of torment
 k - 2 scrolls of amnesia
 m - 10 scrolls of teleportation
 n - 4 scrolls of fog
 r - 2 scrolls of noise {unknown}
 w - 4 scrolls of brand weapon {unknown}
 x - 2 scrolls of fear {unknown}
 A - 3 scrolls of magic mapping {unknown}
 B - a scroll of immolation {unknown}
 L - 3 scrolls of enchant armour {unknown}
 M - 2 scrolls of enchant weapon {unknown}
 T - a scroll of acquirement {unknown}
 U - a scroll of poison {unknown}
 W - 3 scrolls of silence {unknown}
Potions
 c - 3 potions of invisibility
 d - 2 potions of brilliance {unknown}
 e - 6 potions of heal wounds
 h - 3 potions of berserk rage
 l - 4 potions of flight {unknown}
 o - 5 potions of might
 p - a potion of attraction {unknown}
 s - 9 potions of curing
 u - a potion of mutation
 v - a potion of cancellation {unknown}
 z - 3 potions of lignification {unknown}
 E - 2 potions of degeneration {unknown}
 J - a potion of magic {unknown}
 K - 2 potions of haste {unknown}


   Skills:
 - Level 6.0 Fighting
 - Level 11.4 Short Blades
 - Level 3.0 Armour
 + Level 7.8 Dodging
 - Level 11.0 Stealth
 + Level 6.8 Spellcasting
 - Level 4.0 Conjurations
 - Level 10.0 Hexes
 - Level 2.0 Ice Magic
 - Level 3.0 Invocations
 + Level 6.9 Evocations


You had 9 spell levels left.
You knew the following spells:

 Your Spells              Type           Power      Damage    Failure   Level
a - Ensorcelled Hibernat  Hex/Ice        54%        N/A       1%          2
b - Confusing Touch       Hex            42%        N/A       1%          3
c - Tukima's Dance        Hex            42%        N/A       1%          3
d - Dazzling Flash        Conj/Hex       62%        N/A       1%          3
e - Fulminant Prism       Conj/Hex       15%        3d11      2%          4

Your spell library contained the following spells:

 Spells                   Type           Power      Damage    Failure   Level
 Magic Dart               Conj           80%        1d7       1%          1
 Searing Ray              Conj           40%        2d5       1%          2
 Sting                    Tmut/Pois      24%        1d4       4%          1
 Stone Arrow              Conj/Erth      26%        3d8       6%          3
 Blink                    Tloc           12%        N/A       7%          2
 Poisonous Vapours        Pois/Air       12%        N/A       7%          2
 Mephitic Cloud           Conj/Pois/Air  10%        N/A       8%          3
 Ignite Poison            Fire/Tmut/Pois 6%         N/A       13%         3
 Lesser Beckoning         Tloc           6%         N/A       13%         3
 Animate Armour           Summ/Erth      12%        N/A       38%         4
 Olgreb's Toxic Radiance  Pois           6%         N/A       38%         4
 Freezing Cloud           Conj/Ice/Air   6%         6-21      45%         5
 Irradiate                Conj/Tmut      6%         3d15      45%         5
 Blade Hands              Tmut           3%         N/A       73%         5
 Manifold Assault         Tloc           6%         N/A       73%         5
 Dragon Form              Tmut           3%         N/A       100%        7
 Storm Form               Tmut/Air       3%         N/A       100%        7
 Lehudib's Crystal Spear  Conj/Erth      6%         10d3      100%        8


Dungeon Overview and Level Annotations

Branches:
Dungeon (12/15)            Temple (0/1) D:4            Lair (2/6) D:9
 Spider (0/4) Lair:2          Orc (0/2) D:11          Sewer (visited)
Ossuary (visited)
  Swamp: Lair:2-4    Shoals: Lair:2-4

Altars:
Dithmenos
Hepliaklqana
Ru

Shops:
D:5 =   D:8 *   D:9 [

Annotations:
D:11 Fannar
Lair:1 3 runed translucent doors, Illumine's ghost, novice BaHu


Innate Abilities, Weirdness & Mutations

Your life essence is reduced to manifest your ancestor. (-10% HP)
You are very small and have problems with some larger weapons.
You are too small for most types of armour.
You have supernaturally acute eyesight. (SInv)
You cover ground extremely quickly. (Speed+++)
You possess an exceptional clarity of mind.
Your muscles are strong. (Str +2)
You expend magic power (3 MP) to strengthen your wands.


Message History

You start resting.
Magic restored.
You start resting.
HP restored.
k - 2 scrolls of amnesia (gained 1)
You swap places.
You see here 2 javelins.
You see here 2 javelins.
You swap places.
You see here a bullfrog skeleton.
There is a stone staircase leading down here.
You swap places.
You see here a +0 leather armour.
Illumine's ghost turns its malevolent gaze towards you.
There is a stone staircase leading down here.
You climb downwards.
Found a dagger.
There is a stone staircase leading up here.
You open the door.
There is an open door here.
Found a scale mail.
Found 12 stones.
You now have 849 gold pieces (gained 7).
You open the door.
There is an open door here.
An orb spider comes into view.
Found a hole to the Spider Nest.
Paullus is recalled.
The orb spider hisses angrily.
The orb spider spins a strand of pure energy.
Paullus points at the orb spider and mumbles some strange words.
The orb spider easily resists.
Paullus passes through a web.
You pick your way through the web.
The orb spider weaves a glowing orb of energy.
An orb of destruction comes into view.
There is a web here.
The orb of destruction hits you!!!
Ouch! That really hurt!
You die...

##^..## ###.......##..#
##..#####.###.....###.##
#.....^.^..^#......##+P
#.^...#≈≈≈+##........ .
#....^.≈≈^..#..........
#..^..R≈≈s>.#.........
##.^^.#.○.^.#
#...^..≈○≈+##
#.#...^.@..^#
##..######### P.....
.P.... .#.... #... #..


You could see the friendly Paullus the hexer and an orb spider (ally target).

Vanquished Creatures
  Harold (D:11)
  Sonja (Lair:1)
  A manticore (D:12)
  A black mamba (Lair:1)
  A gargoyle (D:11)
  A cane toad (Lair:1)
  An unseen horror (D:11)
  2 komodo dragons (Lair:1)
  3 trolls
  A hornet (D:9)
  2 blink frogs (Lair:1)
  Prince Ribbit (D:8)
  A wyvern (D:9)
  2 wraiths
  14 yaks
  2 vampires
  A steam dragon (D:10)
  An acid dragon (D:11)
  4 water moccasins
  5 orc warriors
  Duvessa (D:5)
  An ice beast (D:5)
  Pargi (Sewer)
  2 black bears
  3 ogres (D:5)
  A centaur (D:8)
  4 phantoms
  A kobold brigand (D:9)
  6 bullfrogs
  3 necrophages
  A gnoll sergeant (D:6)
  4 scorpions
  5 wights
  Dowan (D:5)
  7 howler monkeys
  4 jellies
  A gnoll shaman (D:8)
  4 hounds
  An iguana (D:5)
  10 orc wizards
  2 hexers
  10 mummies (Ossuary)
  Robin (D:2)
  9 adders
  An ancestor (D:5)
  14 gnolls
  A river rat (D:4)
  2 white imps
  2 ufetubi
  9 worms
  2 dart slugs
  45 orcs
  8 endoplasms
  5 giant cockroaches
  12 goblins
  10 hobgoblins
  3 quokkas
  9 ball pythons
  4 bats
  9 frilled lizards
  4 gnoll skeletons (Ossuary)
  A goblin skeleton (Ossuary)
  12 kobolds
  A kobold skeleton (Ossuary)
  2 orc skeletons (Ossuary)
  12 rats
  2 rat skeletons (Ossuary)
299 creatures vanquished.

Vanquished Creatures (collateral kills)
  Gastronok (Lair:1)
  A boulder beetle (D:8)
  An unseen horror (D:11)
  A cane toad (Lair:1)
  2 komodo dragons
  A troll (D:12)
  A blink frog (Lair:1)
  6 yaks
  A wyvern (D:8)
  An acid dragon (D:12)
  A water moccasin (Lair:1)
  2 black bears (D:9)
  3 orc warriors
  2 ogres (D:6)
  A kobold brigand (D:9)
  A bullfrog (D:8)
  A gnoll sergeant (D:6)
  2 wights
  A howler monkey (D:4)
  2 orc priests
  A hound (D:7)
  An iguana (D:4)
  2 orc wizards
  2 mummies (Ossuary)
  3 gnolls
  An ufetubus (D:5)
  10 orcs
  An endoplasm (D:4)
  4 kobolds (D:9)
  9 rat skeletons (Ossuary)
66 creatures vanquished.

Vanquished Creatures (others)
  3 dancing weapons
  3 hexers
  4 ancestors
  12 fungi
  16 plants
38 creatures vanquished.

Grand Total: 403 creatures vanquished

Notes
Turn   | Place    | Note
-------+----------+-------------------------------------------
     0 | D:1      | Toastz the Spriggan Enchanter began the quest for the Orb.
     0 | D:1      | Reached XP level 1. HP: 9/9 MP: 5/5
   252 | D:1      | Reached XP level 2. HP: 14/14 MP: 6/6
   283 | D:1      | Reached skill level 1 in Fighting
   585 | D:1      | Learned a level 2 spell: Ensorcelled Hibernation
   701 | D:1      | Found a faded altar of an unknown god.
  1264 | D:2      | Noticed Robin
  1417 | D:2      | Reached XP level 3. HP: 18/18 MP: 8/8
  1941 | D:2      | Learned a level 3 spell: Confusing Touch
  1998 | D:2      | Reached XP level 4. HP: 23/23 MP: 9/9
  3511 | D:2      | Killed Robin
  4279 | D:3      | Reached XP level 5. HP: 13/26 MP: 5/10
  4512 | D:3      | Identified the +5 leather armour of Disaster {Rampage Will-
                  | rCorr}
  4529 | D:3      | Learned a level 3 spell: Tukima's Dance
  4978 | D:3      | Found a hazy altar of Hepliaklqana.
  4989 | D:3      | Became a worshipper of Hepliaklqana the Forgotten
  5276 | D:4      | Reached skill level 1 in Ice Magic
  5319 | D:4      | Reached skill level 5 in Hexes
  5592 | D:4      | Reached XP level 6. HP: 27/30 MP: 11/11
  5602 | D:4      | Found a glowing drain.
  5612 | Sewer    | Entered a sewer
  5698 | Sewer    | Noticed Pargi
  5711 | Sewer    | Killed Pargi
  5712 | Sewer    | Reached skill level 5 in Short Blades
  5904 | D:4      | Reached skill level 5 in Stealth
  6180 | D:4      | Reached XP level 7. HP: 12/35 MP: 4/12
  6610 | D:4      | Found a staircase to the Ecumenical Temple.
  6614 | D:4      | Reached * piety under Hepliaklqana
  7229 | D:5      | Entered Level 5 of the Dungeon
  7253 | D:5      | Found Giemiov's Jewellery Emporium.
  7838 | D:5      | Noticed Duvessa
  7839 | D:5      | Noticed Dowan
  7884 | D:5      | Killed Dowan
  7917 | D:5      | Killed Duvessa
  7918 | D:5      | Reached XP level 8. HP: 24/35 MP: 4/13
  8291 | D:5      | Noticed a troll
  8291 | D:5      | Noticed a troll
  8524 | D:5      | Killed a troll
  8780 | D:5      | Learned a level 3 spell: Dazzling Flash
  8997 | D:5      | Reached skill level 1 in Conjurations
  9132 | D:5      | Killed a troll
  9434 | D:5      | Reached XP level 9. HP: 35/39 MP: 14/14
 10222 | D:6      | Reached ** piety under Hepliaklqana
 10223 | D:6      | Remembered your ancestor Paullus as a hexer
 10790 | D:6      | Reached skill level 10 in Short Blades
 11591 | D:6      | Identified the +1 robe of the Doldrums {Contam rC+ Str+3
                  | Stlth+}
 12136 | D:7      | Found a sand-covered staircase.
 12141 | Ossuary  | Entered an ossuary
 13396 | D:6      | Reached XP level 10. HP: 43/44 MP: 8/18
 13743 | D:7      | Learned a level 4 spell: Fulminant Prism
 13792 | D:8      | Reached skill level 5 in Dodging
 13796 | D:8      | Reached skill level 5 in Spellcasting
 13903 | D:8      | Noticed a boulder beetle
 13922 | D:8      | Killed a boulder beetle
 13973 | D:8      | Noticed Prince Ribbit
 13992 | D:8      | Killed Prince Ribbit
 13993 | D:8      | Reached skill level 10 in Stealth
 14182 | D:8      | Reached *** piety under Hepliaklqana
 15152 | D:8      | Found Qehoq's Assorted Antiques.
 15696 | D:9      | Found Heugil's Armour Shop.
 16323 | D:9      | Found a staircase to the Lair.
 16622 | D:10     | Entered Level 10 of the Dungeon
 16985 | D:10     | Gained mutation: Armour fits poorly on your strangely
                  | shaped body. [mutagenic glow]
 17051 | D:10     | Reached XP level 11. HP: 37/48 MP: 17/21
 17118 | D:10     | Lost mutation: Armour fits poorly on your strangely shaped
                  | body. [potion of mutation]
 17118 | D:10     | Gained mutation: Armour fits poorly on your strangely
                  | shaped body. [potion of mutation]
 17119 | D:10     | Lost mutation: Armour fits poorly on your strangely shaped
                  | body. [potion of mutation]
 17119 | D:10     | Gained mutation: You expend magic power (3 MP) to
                  | strengthen your wands. [potion of mutation]
 17119 | D:10     | Gained mutation: Your muscles are strong. (Str +2) [potion
                  | of mutation]
 17119 | D:10     | Gained mutation: You possess an exceptional clarity of
                  | mind. [potion of mutation]
 17273 | D:10     | Found a sacrificial altar of Ru.
 17274 | D:10     | Found a shadowy altar of Dithmenos.
 17478 | D:10     | Reached **** piety under Hepliaklqana
 17497 | D:10     | Reached skill level 1 in Evocations
 17513 | D:10     | Identified the +3 scale mail "Gaineb" {rPois rF++ Str+2
                  | Slay-6}
 17664 | Lair:1   | Entered Level 1 of the Lair of Beasts
 17664 | Lair:1   | Noticed Gastronok
 17696 | D:9      | HP: 2/48 [komodo dragon (16)]
 18118 | D:11     | Noticed Harold
 18124 | D:11     | Killed Harold
 18125 | D:11     | Reached skill level 1 in Armour
 18536 | D:11     | Reached skill level 5 in Fighting
 18883 | D:12     | Identified the +6 falchion of Wieramn {flame, Fly rElec
                  | rPois Stlth+}
 18986 | D:12     | Noticed a six-headed hydra
 19703 | D:11     | Found a staircase to the Orcish Mines.
 19805 | D:11     | Noticed Fannar
 20086 | Lair:1   | Reached skill level 5 in Evocations
 20096 | Lair:1   | Killed Gastronok
 20097 | Lair:1   | Reached skill level 10 in Hexes
 20105 | Lair:1   | HP: 1/49 [komodo dragon (29)]
 20112 | Lair:1   | Reached skill level 1 in Invocations
 20716 | Lair:1   | Identified the +0 robe of Jigsaw {Rampage Int+3}
 20981 | Lair:1   | Reached XP level 12. HP: 20/54 MP: 16/22
 21409 | Lair:1   | Found a runed translucent gate.
 21418 | Lair:1   | Found a runed translucent gate.
 21418 | Lair:1   | Noticed Illumine's ghost (novice BaHu)
 21419 | Lair:1   | Found a runed translucent gate.
 21420 | Lair:1   | Noticed a ten-headed hydra
 21523 | Lair:1   | Noticed Sonja
 21586 | Lair:1   | Killed Sonja
 22324 | Lair:2   | Found a hole to the Spider Nest.
 22334 | Lair:2   | Blown up by an orb spider

Illustrated notes

Levels and vault maps discovered:
D:1:      heliophobic_arrival_glass_houses, layout_basic,
          dreamdust_ecumenical_altar_angels_and_demons, st_stairs_11
D:2:      minmay_wonky_spiral, layout_basic, minmay_hexomino_u4, uniq_robin
D:3:      layout_basic, nicolae_hepliaklqana_hazy_memory
D:4:      layout_loops_cross, minmay_temple_entry_mist,
          lightli_sewer_entry_pipes, grunt_ministairs_12
D:5:      layout_rooms, serial_shops, shop, chequers_serial_rivers_micro_d,
          minmay_divided_ellipse, uniq_duvessa
D:6:      layout_loops_ring, serial_glass, glass_columns_a, glass_columns_a,
          glass_columns_a, glass_columns_b, glass_columns_a, glass_columns_a,
          glass_columns_a, glass_columns_c, glass_columns_b, glass_columns_c,
          glass_columns_a, glass_columns_a, glass_columns_a, glass_columns_a
D:7:      layout_loops_ring, enter_ossuary_2
D:8:      layout_basic, serial_shops, kennysheep_mini, grunt_ministairs_3,
          uniq_prince_ribbit1
D:9:      layout_loops_cross, grunt_lair_entry_orc_guard_hut, serial_shops,
          nicolae_take_the_stairs, nzn_life_drinkers
D:10:     layout_basic, gammafunk_temple_overflow_pools
D:11:     kennysheep_blocky_room, layout_small_grid, hiddenorc1_lemuel,
          nicolae_kikubaaqudgha_miasma_corner, uniq_harold, uniq_fannar,
          uniq_maurice
D:12:     layout_basic, nicolae_qazlal_eye_of_the_storm, uniq_rupert
Lair:1:   layout_cave_pods, gammafunk_ghost_hydra_chop, uniq_sonja,
          uniq_gastronok
Lair:2:   layout_regular_city, nicolae_spider_entry_orb_guardian

Skill      XL: |  1  2  3  4  5  6  7  8  9 10 11 12 |
---------------+-------------------------------------+-----
Fighting       | 1 2 3 4 5 6 |  6.0
Short Blades   | 2 3 4 5 6 9 10 11 | 11.4
Hexes          | 4 5 6 7 9 10 | 10.0
Ice Magic      | 1 2 |  2.0
Stealth        | 5 7 10 11 | 11.0
Conjurations   | 2 3 4 |  4.0
Spellcasting   | 3 4 6 |  6.8
Dodging        | 4 6 7 |  7.8
Evocations     | 6 |  6.9
Armour         | 3 |  3.0
Invocations    | 3 |  3.0

Action                   |  1- 3 |  4- 6 |  7- 9 | 10-12 || total
-------------------------+-------+-------+-------+-------++-------
Melee: Dagger            |   116 |   206 |   136 |   339 ||   797
       Punch             |     1 |     8 |     5 |     8 ||    22
       Short sword       |       |       |   257 |   109 ||   366
 Cast: Ensorcelled Hiber |     8 |    50 |    34 |    48 ||   140
       Confusing Touch   |       |     3 |    18 |    12 ||    33
       Tukima's Dance    |       |       |    10 |       ||    10
       Dazzling Flash    |       |       |     6 |    14 ||    20
Invok: Recall Ancestor   |       |       |    17 |    29 ||    46
       Ancestor Identity |       |       |     1 |       ||     1
       Ancestor Life: He |       |       |     1 |       ||     1
       Transference      |       |       |       |     1 ||     1
Evoke: Wand              |       |       |       |     8 ||     8
  Use: Scroll            |     3 |     2 |     1 |     2 ||     8
       Potion            |       |       |       |     4 ||     4
 Stab: Sleeping          |    16 |    32 |    22 |    24 ||    94
       Confused          |       |     3 |    20 |    17 ||    40
       Distracted        |       |       |     3 |     5 ||     8
       Invisible         |       |       |     5 |    20 ||    25
Armor: Robe              |     7 |     9 |    19 |     6 ||    41
       Steam dragon scal |       |       |       |     9 ||     9
       Acid dragon scale |       |       |       |    12 ||    12
Dodge: Dodged            |    77 |   113 |   190 |   258 ||   638
Block: Other             |       |       |       |    12 ||    12
       Reflection        |       |       |       |     1 ||     1

Table legend: (Time is in decaauts)
 A = Elapsed time spent in this place.
 B = Non-inter-level travel time spent in this place.
 C = Inter-level travel time spent in this place.
 D = Time resting spent in this place.
 E = Time spent auto-exploring this place.
 F = Levels seen in this place.
 G = Mean time per level.
                   A        B        C        D        E       F      G
               +--------+--------+--------+--------+--------+-----+--------+
         Total |  18300 |  17858 |    442 |   9328 |   5240 |  16 | 1143.8 |
       Dungeon |  15758 |  15323 |    435 |   8057 |   4535 |  12 | 1313.2 |
          Lair |   1605 |   1598 |      7 |    752 |    548 |   2 |  802.5 |
         Sewer |    176 |    176 |      0 |     22 |     71 |   1 |  176.0 |
       Ossuary |    759 |    759 |      0 |    497 |     84 |   1 |  759.0 |
               +--------+--------+--------+--------+--------+-----+--------+

Top non-repeatable levels by time:
     D:2: 1870 daAuts
     D:4: 1857 daAuts
     D:5: 1851 daAuts
     D:1: 1596 daAuts
  Lair:1: 1576 daAuts
     D:8: 1491 daAuts
     D:6: 1421 daAuts
    D:10: 1368 daAuts
     D:9: 1157 daAuts
     D:3: 1074 daAuts
     D:7: 1072 daAuts
 Ossuary: 759 daAuts
    D:11: 703 daAuts
    D:12: 292 daAuts
   Sewer: 176 daAuts
